Map: Lightshade LE

Players

A.I. 1 (Very Easy) - Winner!

  • Race: Protoss Protoss

Gemini

  • Race: Protoss Protoss
  • League: Master

VOD

Have the link to the VOD?

Description

CIA Timing 2 Base

Time

  • Played on: May 8, 2021, 11:41 a.m.
  • Length: 8:23
Show
View Real Time Build Order
Export as new Build Order

A.I. 1 (Very Easy) Protoss - Winner!

Build Orders: 1 Gate Expand, Nexus First 

Get SALT Encoding   

  12  0:00  Probe  
  13  0:13  Probe  
  14  0:19  Pylon  
  14  0:43  Gateway  
  14  1:01  Nexus  
  14  1:20  Pylon  
  14  1:21  Zealot  
  14  1:24  Assimilator  
  16  1:38  Probe, Cybernetics Core  
  17  1:50  Probe  
  18  2:00  Probe  
  18  2:02  Assimilator  
  19  2:08  Probe  
  20  2:15  Stalker  
  20  2:17  Probe  
  20  2:20  Probe  
  23  2:27  Warp Gate  
  24  2:32  Probe  
  25  2:39  Probe  
  26  2:48  Probe  
  26  2:49  Assimilator  
  27  2:52  Pylon  
  27  2:55  Probe  
  28  3:02  Probe  
  29  3:06  Probe  
  30  3:15  Probe  
  30  3:16  Robotics Facility  
  31  3:26  Zealot  
  33  3:28  Probe  
  33  3:32  Probe  
  35  3:43  Probe  
  36  3:50  Probe  
  37  3:57  Probe  
  38  4:04  Probe, Observer  
  40  4:12  Probe, Assimilator  
  40  4:15  Probe  
  41  4:18  Observer  
  42  4:27  Probe  
  44  4:34  Probe  
  44  4:35  Stalker  
  47  4:40  Pylon  
  47  4:41  Probe  
  48  4:48  Probe  
  49  4:56  Probe  
  50  8:11  Zealot  
Show
View Real Time Build Order
Export as new Build Order

Gemini Protoss 

Build Orders: Zealot Archon 

Get SALT Encoding   

  12  0:00  Probe  
  13  0:12  Probe  
  14  0:17  Pylon  
  14  0:24  Probe (Chrono Boost)  
  15  0:36  Probe (Chrono Boost)  
  15  0:38  Gateway  
  16  0:45  Probe (Chrono Boost)  
  16  0:46  Assimilator  
  17  0:51  Probe  
  17  0:55  Assimilator  
  18  1:03  Probe (Chrono Boost)  
  19  1:08  Gateway  
  19  1:13  Probe (Chrono Boost)  
  19  1:18  Probe (Chrono Boost)  
  20  1:25  Cybernetics Core  
  21  1:29  Probe  
  22  1:35  Pylon  
  22  1:41  Probe  
  23  1:53  Probe  
  24  2:00  Warp Gate (Chrono Boost)  
  24  2:02  Stalker x2  
  24  2:05  Probe  
  29  2:11  Pylon  
  29  2:32  Sentry, Stalker  
  33  2:47  Nexus  
  33  2:53  Shield Battery  
  33  3:02  Sentry  
  33  3:04  Stalker  
  37  3:06  Probe  
  37  3:12  Pylon  
  38  3:19  Probe  
  39  3:31  Robotics Facility, Probe (Chrono Boost)  
  40  3:41  Sentry  
  40  3:45  Probe (Chrono Boost)  
  43  3:49  Forge  
  43  3:50  Probe (Chrono Boost)  
  44  3:59  Probe (Chrono Boost)  
  46  4:07  Probe (Chrono Boost)  
  46  4:09  Probe (Chrono Boost)  
  47  4:13  Probe (Chrono Boost)  
  47  4:16  Protoss Ground Weapons Level 1 (Chrono Boost)  
  49  4:18  Observer  
  49  4:19  Probe (Chrono Boost)  
  49  4:23  Probe (Chrono Boost)  
  51  4:27  Probe (Chrono Boost)  
  51  4:28  Probe (Chrono Boost)  
  51  4:29  Pylon  
  53  4:38  Probe  
  54  4:39  Immortal  
  54  4:40  Probe  
  54  4:43  Assimilator  
  59  4:46  Assimilator  
  59  4:50  Probe  
  59  4:52  Probe  
  61  4:53  Pylon  
  61  5:02  Probe  
  61  5:04  Probe  
  63  5:10  Pylon  
  63  5:17  Twilight Council  
  63  5:18  Immortal  
  66  5:24  Pylon  
  66  5:32  Gateway  
  66  5:33  Gateway  
  66  5:35  Gateway  
  66  5:38  Gateway  
  66  5:41  Gateway  
  66  5:45  Gateway  
  66  5:54  Charge  
  66  5:57  Templar Archives  
  66  5:59  Pylon  
  66  6:05  Protoss Ground Weapons Level 2 (Chrono Boost)  
  66  6:06  Immortal  
  70  6:14  Pylon  
  70  6:23  Zealot x2  
  74  6:30  Pylon  
  74  6:34  High Templar  
  74  6:35  High Templar  
  78  6:40  Archon  
  78  6:42  Zealot  
  78  6:43  Zealot  
  78  6:44  Warp Prism  
  84  6:49  High Templar x2  
  84  6:52  Zealot x2  
  92  6:54  Archon  
  92  7:07  Pylon  
  92  7:12  Zealot x4  
  100  7:17  High Templar x2  
  100  7:21  Archon  
  104  7:28  Nexus  
  104  7:34  Pylon  
  104  7:38  Zealot  
  104  7:39  Zealot  
  108  7:47  High Templar x2  
  108  7:48  Zealot  
  108  7:49  Zealot  
  108  7:51  Archon  
  116  7:52  Zealot  
  118  7:58  Pylon  
  118  8:02  Zealot  
  120  8:07  Zealot x2  
  124  8:14  High Templar x2  
  124  8:15  Zealot  
  124  8:19  Archon  
  130  8:20  Zealot  
Tags
 
Add a new tag
Caveats
  • Supply blocks, unpowered buildings, or Contaminate may cause inaccurate times.
  • Supply counts are checked every 10 seconds.